 Dungeon Crawl Stone Soup version 0.17.1-2-g5865329 (webtiles) character file.

21 Killerpretzel the Conjurer (level 2, -2/15 HPs)
             Began as a Deep Elf Conjurer on Jan 12, 2016.
             Slain by Crazy Yiuf
             ... wielding a +4 quarterstaff of chaos
              (17 damage)
             ... on level 2 of the Dungeon.
             The game lasted 00:08:09 (1265 turns).

Killerpretzel the Conjurer (Deep Elf Conjurer)      Turns: 1265, Time: 00:08:09

Health: -2/15      AC:  2    Str:  5    XL:     2   Next: 65%
Magic:  0/8        EV: 13    Int: 19    God:
Gold:   6          SH:  0    Dex: 15    Spells: 2 memorised, 4 levels left

rFire  . . .     SeeInvis .     d - +0 dagger
rCold  . . .     Clarity  .     a - +0 robe
rNeg   . . .     SustAt   .     (no shield)
rPois  .         Gourm    .     (no helmet)
rElec  .         Spirit   .     (no cloak)
rCorr  .         Warding  .     (no gloves)
rMut   .         Stasis   .     (no boots)
MR     .....                    (no amulet)
Stlth  ++........               (no ring)
                                (no ring)

@: not resistant to hostile enchantments, unstealthy
A: no striking features
a: no special abilities


You were on level 2 of the Dungeon.
You were not hungry.

You visited 1 branch of the dungeon, and saw 2 of its levels.

You collected 6 gold pieces.

Inventory:

Hand Weapons
 d - a +0 dagger (weapon)
Missiles
 j - 21 stones (quivered)
Armour
 a - a +0 robe (worn)
Scrolls
 e - a scroll of random uselessness {unknown}
 f - a scroll of magic mapping {unknown}
 i - a scroll of enchant weapon {unknown}
 n - 3 scrolls of fear {unknown}
 o - a scroll of identify {unknown}
Potions
 g - 2 potions of curing {unknown}
 h - a potion of lignification {unknown}
 k - a potion of invisibility {unknown}
 l - a potion of degeneration {unknown}
 m - a potion of flight {unknown}
Books
 b - a book of Conjurations

   Spells                             Type                      Level
   a - Magic Dart                     Conjuration                  1
   b - Searing Ray                    Conjuration                  2
   c - Dazzling Spray                 Conjuration/Hexes            3
   d - Fulminant Prism                Conjuration/Hexes            4
   e - Iskenderun's Mystic Blast      Conjuration                  4
   f - Iskenderun's Battlesphere      Conjuration/Charms           5
Comestibles
 c - a bread ration


   Skills:
 - Level 2.4 Dodging
 - Level 2.4 Stealth
 - Level 3.0 Spellcasting
 + Level 5.3 Conjurations


You had 4 spell levels left.
You knew the following spells:

 Your Spells              Type           Power        Failure   Level  Hunger
a - Magic Dart            Conj           ###.         1%          1    None
b - Searing Ray           Conj           ###...       2%          2    ##.....


Dungeon Overview and Level Annotations

Branches:
Dungeon (2/15)

Altars:

Annotations:
D:2 Crazy Yiuf


Message History

Crazy Yiuf is moderately wounded.
The searing ray hits Crazy Yiuf.
Crazy Yiuf is heavily wounded.
Casting: Searing Ray
Confirm with . or Enter, or press ? or * to list all spells.
Aiming: Searing Ray
Press: ? - help, Shift-Dir - straight line, f/p - Crazy Yiuf
Aim: Crazy Yiuf, wielding a quarterstaff of chaos and wearing a cloak (heavily wounded)
The searing ray hits Crazy Yiuf.
Crazy Yiuf is heavily wounded.
Crazy Yiuf says, "Scoff bush cloud!"
Casting: Searing Ray
Confirm with . or Enter, or press ? or * to list all spells.
Aiming: Searing Ray
Press: ? - help, Shift-Dir - straight line, f/p - Crazy Yiuf
Aim: Crazy Yiuf, wielding a quarterstaff of chaos and wearing a cloak (heavily wounded)
The searing ray misses Crazy Yiuf.
Crazy Yiuf hits you with a quarterstaff of chaos!
Ouch! That really hurt!
You die...

#......#.#.#...
#......# ..#.##
#.....# ..#.##
#.....# ..#...
#.....# #†####
########.....###..###
.......+.....'.......
#...#.....###..###
#@...###..# #...##
#g...# #### #.#.##
#....# #.#..# ##...#
#.##.# ##.## #.#...
##.# ####'#... #.##
#......#. ##.#
#......#. #.##
#......##


You could see Crazy Yiuf.

Vanquished Creatures
  A giant cockroach (D:1)
  A hobgoblin (D:1)
  7 jackals
  3 kobolds
  2 bats
  A giant newt (D:1)
  3 goblins (D:1)
  4 rats
22 creatures vanquished.

Notes
Turn   | Place    | Note
--------------------------------------------------------------
     0 | D:1      | Killerpretzel the Deep Elf Conjurer began the quest for the Orb.
     0 | D:1      | Reached XP level 1. HP: 10/10 MP: 6/6
   244 | D:1      | Reached XP level 2. HP: 15/15 MP: 0/8
   658 | D:1      | Reached skill level 5 in Conjurations
   670 | D:1      | Learned a level 2 spell: Searing Ray
  1252 | D:2      | Noticed Crazy Yiuf
  1265 | D:2      | Slain by Crazy Yiuf

Action                   || total
-------------------------++-------
Throw: Stone             ||     2
 Cast: Magic Dart        ||    37
       Searing Ray       ||     3
  Eat: Chunk             ||     1
